 Dungeon Crawl Stone Soup version 0.32-a0-893-gf85d74f360 (webtiles) character file.

Game seed: 16514424825728314944

4963 whitekrowe the Severer (level 10, -1/88 HPs)
             Began as a Minotaur Berserker on Apr 3, 2024.
             Was an Elder of Trog.
             Slain by a yak (5 damage)
             ... on level 8 of the Dungeon.
             The game lasted 00:34:41 (8107 turns).

whitekrowe the Severer (Minotaur Berserker)         Turns: 8107, Time: 00:34:42

Health: -1/88      AC:  7    Str: 26    XL:     10   Next: 28%
Magic:  9/9        EV: 11    Int:  4    God:    Trog [****..]
Gold:   353        SH:  0    Dex: 10    Spells: 9/9 levels left

rFire   + . .        a - +1 hand axe
rCold   + . .        (no shield)
rNeg    . . .        y - +0 troll leather armour
rPois   .            (helmet restricted)
rElec   .            w - scarf {rC+ rF+}
rCorr   .            p - +2 pair of gloves
SInv    .            (no boots)
Will    .....        (no amulet)
Stlth   +            (no ring)
HPRegen 1.14/turn    (no ring)
MPRegen 0.11/turn

%: no passive effects
@: on berserk cooldown, slowed, very slow
A: horns 2, retaliatory headbutt
a: Renounce Religion, Berserk, Trog's Hand, Brothers in Arms


You were on level 8 of the Dungeon.
You worshipped Trog.
Trog was greatly pleased with you.
You visited 1 branch of the dungeon, and saw 9 of its levels.

You collected 437 gold pieces.
You spent 84 gold pieces at shops.

Inventory:

Hand Weapons
 a - a +1 hand axe (weapon)
 l - a +2 dire flail of holy wrath
Missiles
 b - 14 poisoned darts (quivered)
 u - 4 darts of dispersal
Armour
 d - a +0 cloak
 p - a +2 pair of gloves (worn)
 q - a +0 ring mail
 w - a scarf of resistance (worn)
 y - a +0 troll leather armour (worn)
Jewellery
 c - a ring of poison resistance
 j - an amulet of the acrobat
Wands
 n - a wand of acid (8)
 r - a wand of paralysis (21)
Scrolls
 f - a scroll of enchant armour
 i - a scroll of revelation
 m - 4 scrolls of identify
 t - a scroll of poison
 v - a scroll of teleportation
Potions
 e - 3 potions of mutation
 g - a potion of resistance
 h - 4 potions of curing
 k - 2 potions of invisibility
 o - 3 potions of haste
 s - a potion of heal wounds
 x - a potion of enlightenment {unknown}
 z - 2 potions of ambrosia {unknown}
 A - a potion of degeneration {unknown}


   Skills:
 * Level 7.6 Fighting
 + Level 15.2 Axes
 * Level 7.9 Armour
 - Level 2.2 Dodging


You had 9 spell levels left.
You didn't know any spells.
Your spell library was empty.

Dungeon Overview and Level Annotations

Branches:
Dungeon (9/15)             Temple (0/1) D:6            Lair (0/5) D:9
    Orc: D:9-12

Altars:
Nemelex Xobeh

Shops:
D:3 :?!   D:5 *

Annotations:
D:2 Sigmund
D:4 Eustachio
D:8 2 transporters


Innate Abilities, Weirdness & Mutations

You have a pair of horns on your head.
You reflexively headbutt those who attack you in melee.


Message History

Level annotation: 2 transporters
There is a stone staircase leading down here.
The yak completely misses you. You furiously retaliate!
You headbutt the yak! The yak gores you!
* * * LOW HITPOINT WARNING * * *
The yak gores you!
* * * LOW HITPOINT WARNING * * *
The yak gores you.
* * * LOW HITPOINT WARNING * * *
You hit the yak.
The yak is heavily wounded.
The yak gores you!
* * * LOW HITPOINT WARNING * * *
You hit the yak but do no damage. You headbutt the yak!
The yak is almost dead.
The yak completely misses you.
You barely miss the yak.
The yak is almost dead.
You hit the yak.
The yak is almost dead.
The yak misses you.
You hit the yak. You headbutt the yak, but do no damage.
The yak is almost dead.
The yak gores you but does no damage.
You closely miss the yak. You headbutt the yak.
You kill the yak!
Trog accepts your kill.
You slash the yak!
The yak is moderately wounded.
The yak gores you!
* * * LOW HITPOINT WARNING * * *
You barely miss the yak. You headbutt the yak.
The yak is moderately wounded.
You hit the yak.
The yak is moderately wounded.
The yak barely misses you.
You slash the yak!
The yak is almost dead.
The yak gores you.
You die...

.####.#.##.....##.......#######..
......#.#########.......# #..
#######.# #.......# #.. ###.###
#.†.##### #.. #.....# ##.## #.^
#.#.#.##### #.# ##. #.#...>...#
#.# #. #.#....##.####.# #.
#.##...##..Y@..# ######### #.
#.###.########## #.......# #.
#.....# #.#####.###. #######
#.#####.#.[[ #.##...)[.#.
#.##.##[###. #>##.##(# #.
#.......###. ##......#...


You could see a yak.

Vanquished Creatures
  A troll (D:9)
  Prince Ribbit (D:7)
  A polar bear (D:9)
  4 wyverns
  2 yaks (D:8)
  2 steam dragons (D:8)
  Edmund (D:4)
  A water moccasin (D:7)
  Duvessa (D:6)
  An orc warrior (D:8)
  4 ice beasts
  2 black bears (D:5)
  A sky beast (D:7)
  2 ogres
  A wolf (D:9)
  2 centaurs
  A phantom (D:5)
  2 kobold brigands (D:7)
  A bullfrog (D:6)
  4 scorpions (D:5)
  A gnoll sergeant (D:9)
  4 wights (D:8)
  Dowan (D:6)
  2 bombardier beetles (D:5)
  3 howler monkeys (D:7)
  4 orc priests
  4 hounds
  A jelly (D:4)
  A gnoll bouda (D:5)
  5 orc wizards
  Ijyb (D:3)
  An iguana (D:4)
  16 gnolls
  5 adders
  A white imp (D:6)
  2 dart slugs (D:2)
  2 ribbon worms
  32 orcs
  3 bats (D:1)
  4 endoplasms
  3 giant cockroaches
  3 goblins
  4 hobgoblins
  12 jackals
  17 kobolds
  A quokka (D:5)
  5 ball pythons
  2 frilled lizards
  3 rats
178 creatures vanquished.

Notes
Turn   | Place    | Note
-------+----------+-------------------------------------------
     0 | D:1      | whitekrowe the Minotaur Berserker began the quest for the
                  | Orb.
     0 | D:1      | Reached XP level 1. HP: 19/19 MP: 0/0
   218 | D:1      | Reached XP level 2. HP: 27/27 MP: 1/1
   480 | D:1      | Reached skill level 4 in Axes
   879 | D:2      | Reached XP level 3. HP: 33/33 MP: 2/2
   982 | D:2      | Reached skill level 5 in Axes
   993 | D:2      | Noticed Sigmund
  1046 | D:3      | Reached ** piety under Trog
  1047 | D:3      | Reached XP level 4. HP: 40/40 MP: 3/3
  1115 | D:3      | Found a sparkling altar of Nemelex Xobeh.
  1280 | D:3      | Noticed Ijyb
  1284 | D:3      | Killed Ijyb
  1285 | D:3      | Reached skill level 6 in Axes
  1290 | D:3      | Found Jufuefae's Book Shoppe.
  1463 | D:3      | Found Xastriag's Distillery.
  1849 | D:3      | Found Wegien's Magic Scroll Boutique.
  1852 | D:3      | Bought a scroll of identify for 28 gold pieces
  1852 | D:3      | Bought a scroll of identify for 28 gold pieces
  1852 | D:3      | Bought a scroll of identify for 28 gold pieces
  1928 | D:4      | Reached XP level 5. HP: 42/46 MP: 4/4
  1945 | D:4      | Reached skill level 7 in Axes
  2438 | D:4      | Noticed an ogre
  2449 | D:4      | Killed an ogre
  2450 | D:4      | Reached skill level 8 in Axes
  2450 | D:4      | Reached XP level 6. HP: 13/52 MP: 5/5
  2757 | D:4      | Noticed Edmund
  2771 | D:4      | Killed Edmund
  2923 | D:4      | Reached skill level 9 in Axes
  3304 | D:4      | Noticed Eustachio
  3343 | D:5      | Entered Level 5 of the Dungeon
  3373 | D:5      | Noticed an ice beast
  3384 | D:5      | Killed an ice beast
  3385 | D:5      | Reached XP level 7. HP: 59/59 MP: 6/6
  3394 | D:5      | Found Fajane's Gadget Gallery.
  3410 | D:5      | Reached skill level 10 in Axes
  3421 | D:5      | You fall into a shaft and drop 3 floors!
  3429 | D:8      | Noticed a steam dragon
  3451 | D:8      | Killed a steam dragon
  3460 | D:8      | Reached *** piety under Trog
  3461 | D:8      | Reached skill level 11 in Axes
  3540 | D:8      | Noticed a steam dragon
  3549 | D:8      | Killed a steam dragon
  3550 | D:8      | Reached XP level 8. HP: 55/66 MP: 7/7
  3558 | D:8      | Found a transporter.
  3609 | D:7      | Noticed Duvessa
  3609 | D:7      | Noticed Dowan
  3747 | D:5      | Reached skill level 12 in Axes
  4072 | D:5      | Reached skill level 13 in Axes
  4990 | D:6      | Found a staircase to the Ecumenical Temple.
  4996 | D:6      | Reached skill level 14 in Axes
  5037 | D:6      | Reached XP level 9. HP: 63/71 MP: 8/8
  5431 | D:6      | Killed Dowan
  5432 | D:6      | Killed Duvessa
  5576 | D:7      | Noticed Prince Ribbit
  5594 | D:7      | Killed Prince Ribbit
  5667 | D:7      | Reached **** piety under Trog
  5677 | D:7      | Reached skill level 5 in Fighting
  5807 | D:7      | Reached skill level 5 in Armour
  6688 | D:8      | Found a transporter.
  6975 | D:8      | Reached skill level 15 in Axes
  7533 | D:9      | Reached XP level 10. HP: 71/84 MP: 9/9
  7537 | D:9      | Found a staircase to the Lair.
  8098 | D:8      | HP: 4/86 [yak (9)]
  8104 | D:8      | HP: 1/88 [yak (9)]
  8107 | D:8      | Slain by a yak

Illustrated notes

Levels and vault maps discovered:
D:1:      lemuel_arrival_tunnels, layout_loops_ring, grunt_decor_resistance
D:2:      layout_rooms, uniq_sigmund
D:3:      layout_loops_ring, nemelex_diamond_rough_becter, serial_shops, shop,
          nicolae_shop_rolled_up, shop, uniq_ijyb
D:4:      layout_layer_cave, serial_glass, glass_columns_b, glass_columns_a,
          glass_columns_a, glass_columns_a, glass_columns_c, glass_columns_a,
          glass_columns_a, glass_columns_c, due_unseen_surprise, minmay_bent,
          uniq_eustachio, uniq_edmund
D:5:      layout_cave_pods, serial_column_ruins, column_ruins_hut_pillars,
          column_ruins_open_small, column_ruins_columns_straight,
          column_ruins_columns_dead_end, chequers_garden, nicolae_shop_gadgets
D:6:      layout_basic, minmay_temple_entry_proselytizer
D:7:      layout_rooms, minmay_statues_item, uniq_crazy_yiuf_cottage,
          uniq_duvessa, uniq_prince_ribbit1
D:8:      gammafunk_cloud_chamber, layout_loops_cross
D:9:      layout_cave_pods, minmay_lair_entry_grove,
          kennysheep_orc_monster_closet_entryway, serial_ice, serial_ice_d,
          serial_ice_g, serial_ice_a, serial_ice_m, uniq_grum

Skill      XL: |  1  2  3  4  5  6  7  8  9 10 |
---------------+-------------------------------+-----
Fighting       | 4 6 7 |  7.6
Axes           | 4 5 6 8 9 11 14 15 | 15.2
Armour         | 6 7 |  7.9
Dodging        | |  2.2

Action                     |  1- 3 |  4- 6 |  7- 9 | 10-12 || total
---------------------------+-------+-------+-------+-------++-------
  Melee: Hand axe          |    71 |   110 |   315 |    45 ||   541
         Headbutt          |     9 |    24 |    48 |    12 ||    93
 Invoke: Berserk           |     1 |     1 |     5 |     1 ||     8
    Use: Scroll            |     5 |     8 |     4 |       ||    17
 Armour: Animal skin       |    32 |    19 |       |       ||    51
         Ring mail         |       |    44 |   191 |    12 ||   247
         Troll leather arm |       |       |       |    41 ||    41
  Dodge: Dodged            |    45 |    61 |   115 |    29 ||   250

Table legend: (Time is in decaauts)
 A = Elapsed time spent in this place.
 B = Non-inter-level travel time spent in this place.
 C = Inter-level travel time spent in this place.
 D = Time resting spent in this place.
 E = Time spent auto-exploring this place.
 F = Levels seen in this place.
 G = Mean time per level.
                   A        B        C        D        E       F      G
               +--------+--------+--------+--------+--------+-----+--------+
         Total |   8049 |   8049 |      0 |   1956 |   4081 |   9 |  894.3 |
       Dungeon |   8049 |   8049 |      0 |   1956 |   4081 |   9 |  894.3 |
               +--------+--------+--------+--------+--------+-----+--------+

Top non-repeatable levels by time:
     D:4: 1435 daAuts
     D:8: 1386 daAuts
     D:5: 1350 daAuts
     D:7: 914 daAuts
     D:3: 913 daAuts
     D:1: 620 daAuts
     D:6: 576 daAuts
     D:9: 459 daAuts
     D:2: 394 daAuts
